 Dungeon Crawl Stone Soup version 0.19.5 (webtiles) character file.

5005 Jerry the Grappler (level 10, 0/95 (96) HPs)
             Began as a Troll Monk on Apr 8, 2017.
             Slain by Snorg (10 damage)
             ... on level 11 of the Dungeon.
             The game lasted 00:26:05 (7201 turns).

Jerry the Grappler (Troll Monk)                     Turns: 7201, Time: 00:26:06

HP:   0/95 (96)     AC:  7    Str: 21    XL:     10   Next: 29%
MP:   11/14         EV: 14    Int:  9    God:
Gold: 465           SH:  0    Dex: 12    Spells: 3 memorised, 12 levels left

rFire  . . .     SeeInvis +       - Unarmed
rCold  . . .     Gourm    +     a - +0 robe
rNeg   . . .     Faith    .     (no shield)
rPois  .         Spirit   .     (helmet restricted)
rElec  .         Reflect  .     A - +2 cloak
rCorr  .         Harm     .     (gloves unavailable)
MR     .....                    (boots unavailable)
Stlth  +++.......               (no amulet)
                                g - ring of see invisible
                                m - ring of stealth

@: very slightly contaminated
A: unfitting armour, claws 3, repulsion field 1, deformed body, fast metabolism
3, gourmand, regeneration 1, shaggy fur 1, tough skin 2, no device heal 1
a: no special abilities


You were on level 11 of the Dungeon.
You were full.

You visited 2 branches of the dungeon, and saw 12 of its levels.

You collected 465 gold pieces.

Inventory:

Armour
 a - a +0 robe (worn)
 A - a +2 cloak (worn)
Jewellery
 g - a ring of see invisible (right claw)
 k - an uncursed ring of resist corrosion
 m - a ring of stealth (left claw)
Wands
 f - a wand of confusion (12/48)
 u - a wand of iceblast (6/15)
Scrolls
 c - a scroll of identify
 d - 3 scrolls of teleportation
 q - 3 scrolls of recharging
 s - 2 scrolls of remove curse
 x - a scroll of amnesia
 y - 2 scrolls of enchant weapon
Potions
 e - 2 potions of flight
 i - a potion of brilliance
 j - a potion of agility
 n - 2 potions of lignification
 o - 5 potions of curing
 t - a potion of haste
 B - a potion of cancellation
Comestibles
 b - 6 bread rations
 h - a slice of pizza
 v - 13 fruits
 z - 3 meat rations


   Skills:
 + Level 5.5 Fighting
 + Level 5.5 Dodging
 + Level 3.8 Stealth
 * Level 8.8 Unarmed Combat
 + Level 3.3 Spellcasting
 + Level 3.3 Hexes


You had 12 spell levels left.
You knew the following spells:

 Your Spells              Type           Power        Failure   Level  Hunger
a - Confusing Touch       Hex            #.....       10%         1    #......
b - Animate Skeleton      Necr           N/A          34%         1    #......
c - Apportation           Tloc           #.........   34%         1    #......


Dungeon Overview and Level Annotations

Branches:
Dungeon (12/15)            Temple (1/1) D:4
   Lair: D:8-11         Orc: D:9-12

Altars:
Ashenzari
Cheibriados
Dithmenos
Elyvilon
Fedhas
Gozag
Hepliaklqana
Kikubaaqudgha
Makhleb
Nemelex Xobeh
Okawaru
Qazlal
Ru
Sif Muna
Trog
Uskayaw
Vehumet
Xom
Yredelemnul
Zin
The Shining One

Annotations:
D:11 Snorg
D:12 Fannar


Innate Abilities, Weirdness & Mutations

You are too large for most types of armour.
You have claws for hands.
Your metabolism is lightning-fast.
You like to eat raw meat.
Your natural rate of healing is unusually fast.
You are covered in fur. (AC +1)
You have very tough skin. (AC +2)
You are surrounded by a mild repulsion field. (EV +2)
Armour fits poorly on your strangely shaped body.
Potions and wands are less effective at restoring your health.


Message History

You scratch Snorg but do no damage.
Snorg appears confused.
Snorg is heavily wounded.
Your claws stop glowing.
You scratch Snorg. You claw Snorg!
Snorg is severely wounded.
Snorg grins madly.
Casting: Confusing Touch
Confirm with . or Enter, or press ? or * to list all spells.
Your claws begin to glow red.
You catch the helpless Snorg completely off-guard!
You scratch Snorg but do no damage.
Snorg appears confused.
Snorg is heavily wounded.
Your claws stop glowing.
You barely miss Snorg.
Snorg is heavily wounded.
Snorg gestures wildly.
Snorg bites you!
* * * LOW HITPOINT WARNING * * *
Snorg claws you!
You die...

#........##.#
#.######.##.#
#.#
#.#>.#####
#.#
#..........
#.#
###.#######
#.# #.# ##.#
#.# #.T# #.#
#.@# #.# #..#
#.. #..# ##
#..# #..#
#... #...
####


You could see Snorg (confused).

Vanquished Creatures
  An ugly thing (D:12)
  Maurice (D:8)
  Prince Ribbit (D:6)
  A hippogriff (D:12)
  2 hungry ghosts
  Grum (D:8)
  Edmund (D:4)
  3 ice beasts
  Purgy (D:4)
  4 sky beasts
  A necrophage (D:7)
  2 ogres
  2 phantoms
  2 wolves (D:8)
  4 centaurs
  2 big kobolds
  A bullfrog (D:6)
  A wyvern zombie (D:7)
  A wyvern skeleton (D:7)
  2 scorpions (D:4)
  6 wights
  A howler monkey (D:5)
  5 crimson imps
  A centaur zombie (D:7)
  A hound (D:5)
  2 orc priests
  2 jellies
  An orc wizard (D:5)
  7 worker ants
  4 iguanas
  2 bullfrog skeletons
  A hound zombie (D:8)
  A worker ant zombie (D:8)
  Robin (D:4)
  10 gnolls
  7 adders
  A shadow imp (D:9)
  An ooze (D:6)
  2 adder zombies (D:7)
  An adder skeleton (D:6)
  2 worms
  A dart slug (D:3)
  7 leopard geckos
  15 orcs
  12 giant cockroaches
  12 hobgoblins
  7 jackals
  4 quokkas
  10 bats
  3 frilled lizards
  A giant cockroach zombie (D:5)
  18 goblins
  14 kobolds
  A rat (D:1)
198 creatures vanquished.

Vanquished Creatures (others)
  An orc wizard (D:5)
  An orc (D:6)
2 creatures vanquished.

Grand Total: 200 creatures vanquished

Notes
Turn   | Place    | Note
-------+----------+-------------------------------------------
     0 | D:1      | Jerry the Troll Monk began the quest for the Orb.
     0 | D:1      | Reached XP level 1. HP: 22/22 MP: 0/0
   260 | D:1      | Reached XP level 2. HP: 29/29 MP: 1/1
   689 | D:2      | Reached XP level 3. HP: 36/36 MP: 2/2
  1287 | D:3      | Learned a level 1 spell: Confusing Touch
  1289 | D:3      | Learned a level 1 spell: Animate Skeleton
  1375 | D:3      | Reached XP level 4. HP: 44/44 MP: 3/3
  1641 | D:3      | Reached skill level 4 in Unarmed Combat
  1641 | D:3      | Reached XP level 5. HP: 17/53 MP: 4/4
  1718 | D:3      | Found a glowing silver altar of Zin.
  1718 | D:3      | Found a faded altar of an unknown god.
  1723 | D:3      | Found a faded altar of an unknown god.
  1725 | D:3      | Found an ancient bone altar of Kikubaaqudgha.
  1726 | D:3      | Found a faded altar of an unknown god.
  1928 | D:4      | Noticed an ogre
  1935 | D:4      | Noticed Robin
  1948 | D:3      | Killed an ogre
  1948 | D:3      | Reached skill level 1 in Hexes
  2004 | D:3      | Reached skill level 1 in Spellcasting
  2004 | D:3      | Reached XP level 6. HP: 21/61 MP: 6/6
  2162 | D:4      | Killed Robin
  2236 | D:4      | Found a staircase to the Ecumenical Temple.
  2246 | Temple   | Entered the Ecumenical Temple
  2360 | D:4      | Noticed Purgy
  2368 | D:4      | Killed Purgy
  2538 | D:4      | Noticed Edmund
  2593 | D:4      | Killed Edmund
  2593 | D:4      | Reached skill level 5 in Unarmed Combat
  2593 | D:4      | Reached XP level 7. HP: 35/67 MP: 7/7
  3202 | D:5      | Entered Level 5 of the Dungeon
  3323 | D:5      | Found a burning altar of Makhleb.
  3323 | D:5      | Found a shattered altar of Ashenzari.
  3324 | D:5      | Found an opulent altar of Gozag.
  3355 | D:5      | Gained mutation: You tend to lose your temper in combat. [mutagenic meat]
  3356 | D:5      | Gained mutation: You are frail. (-10% HP) [mutagenic meat]
  3357 | D:5      | Gained mutation: Your body sometimes deteriorates upon taking damage. [mutagenic meat]
  3358 | D:5      | Gained mutation: Armour fits poorly on your strangely shaped body. [mutagenic meat]
  3581 | D:5      | Reached XP level 8. HP: 70/70 MP: 9/9
  3632 | D:5      | Found a shimmering altar of Xom.
  3779 | D:5      | Reached skill level 6 in Unarmed Combat
  3788 | D:5      | Lost mutation: Your body sometimes deteriorates upon taking damage. [potion of cure mutation]
  3788 | D:5      | Lost mutation: You are frail. (-10% HP) [potion of cure mutation]
  4320 | D:5      | Found a deep blue altar of Sif Muna.
  4467 | D:5      | Identified Sif Muna's Compendium of the Frostbite
  5046 | D:6      | Gained mutation: You are surrounded by a mild repulsion field. (EV +2) [mutagenic meat]
  5047 | D:6      | Gained mutation: Potions and wands are less effective at restoring your health. [mutagenic meat]
  5048 | D:6      | Gained mutation: You heal very quickly. [mutagenic meat]
  5049 | D:6      | Lost mutation: You heal very quickly. [mutagenic meat]
  5050 | D:6      | Lost mutation: You tend to lose your temper in combat. [mutagenic meat]
  5112 | D:6      | Noticed Prince Ribbit
  5130 | D:6      | Killed Prince Ribbit
  5130 | D:6      | Reached skill level 7 in Unarmed Combat
  5130 | D:6      | Reached XP level 9. HP: 11/85 MP: 11/11
  6248 | D:7      | Reached skill level 5 in Fighting
  6248 | D:7      | Reached skill level 5 in Dodging
  6452 | D:7      | Learned a level 1 spell: Apportation
  6525 | D:8      | Found a stormy altar of Qazlal.
  6594 | D:8      | Reached skill level 8 in Unarmed Combat
  6658 | D:8      | Noticed Grum
  6681 | D:8      | Killed Grum
  6754 | D:8      | Noticed Maurice
  6802 | D:8      | Killed Maurice
  6802 | D:8      | Reached XP level 10. HP: 95/95 MP: 10/13
  6848 | D:8      | Found a hazy altar of Hepliaklqana.
  7014 | D:9      | Found a blossoming altar of Fedhas.
  7016 | D:9      | You fall through a shaft for 3 floors!
  7016 | D:12     | Noticed Fannar
  7032 | D:12     | Noticed a brown ugly thing
  7045 | D:12     | Killed a brown ugly thing
  7176 | D:11     | Noticed Snorg
  7201 | D:11     | Slain by Snorg

Skill      XL: |  1  2  3  4  5  6  7  8  9 |
---------------+----------------------------+-----
Fighting       | 3 4 5 |  5.5
Dodging        | 3 4 5 |  5.5
Unarmed Combat | 4 5 7 8 |  8.8
Hexes          | 1 2 3 |  3.3
Spellcasting   | 1 2 3 |  3.3
Stealth        | 2 3 |  3.8

Action                   |  1- 3 |  4- 6 |  7- 9 | 10-12 || total
-------------------------+-------+-------+-------+-------++-------
Melee: Unarmed           |   109 |   147 |   371 |    64 ||   691
       Punch             |     2 |     3 |    12 |     4 ||    21
 Cast: Confusing Touch   |       |       |    35 |     7 ||    42
  Use: Scroll            |     5 |     4 |    12 |       ||    21
       Potion            |       |     1 |     2 |       ||     3
 Stab: Sleeping          |     7 |     4 |    17 |     4 ||    32
       Confused          |       |       |    24 |     5 ||    29
  Eat: Chunk             |    18 |    11 |    44 |     6 ||    79
       Meat ration       |       |       |     1 |       ||     1
Armor: Robe              |    45 |    44 |    88 |    17 ||   194
Dodge: Dodged            |    68 |    88 |   170 |    44 ||   370
